SA
NEBRASKA PLAINSMEN @ YORK REVOLUTION
08/08/2022
 
TOP OF THE 1ST
Nebraska Plainsmen batting - Pitching for York Revolution : RHP Chae-seong Kim
Pitching: RHP Chae-seong Kim
Batting: RHB Bartolo Benítez 0-0: Ball
1-0: Ball
2-0: Ball
3-0: Called Strike
3-1: Fly out, F9 (Flyball, 89M)
Batting: RHB Young-hwan Hyon 0-0: Called Strike
0-1: Foul Ball, location: 2F
0-2: Strikes out swinging
Batting: RHB António Nava 0-0: Ground out 6-3 (Groundball, 6)
Top of the 1st over - 0 run(s), 0 hit(s), 0 error(s), 0 left on base; Nebraska 0 - York 0
BOTTOM OF THE 1ST
York Revolution batting - Pitching for Nebraska Plainsmen : RHP César Hernández
Pitching: RHP César Hernández
Batting: RHB Sergio Ortíz 0-0: Called Strike
0-1: Swinging Strike
0-2: Ball
1-2: Ball
2-2: Strikes out looking
Batting: RHB Parker Smith 0-0: Ball
1-0: Foul Ball, location: 2F
1-1: Ball
2-1: Ball
3-1: Called Strike
3-2: Ground out 4-3 (Groundball, 4)
Batting: SHB Bradley Rowe 0-0: Ball
1-0: Ball
2-0: Ball
3-0: Called Strike
3-1: Base on Balls
Batting: RHB Roberto Ruíz 0-0: Ball
1-0: Fly out, F8 (Flyball, 8LM)
Bottom of the 1st over - 0 run(s), 0 hit(s), 0 error(s), 1 left on base; Nebraska 0 - York 0
TOP OF THE 2ND
Nebraska Plainsmen batting - Pitching for York Revolution : RHP Chae-seong Kim
Batting: SHB Javier Zumaya 0-0: Foul Ball, location: 2F
0-1: Foul Ball, location: 2F
0-2: SOLO HOME RUN (Flyball, 78D), Distance : 436 ft
Batting: RHB Mike Thompson 0-0: Ball
1-0: Foul Ball, location: 2F
1-1: Hit by Pitch
Batting: RHB Dani Trejo 0-0: Fielders Choice at 2nd, U6 (Groundball, 6M)
Batting: LHB Pedro Gutiérrez 0-0: Swinging Strike
0-1: Ball
1-1: Ball
2-1: Foul Ball, location: 2F
2-2: Foul Ball, location: 2F
2-2: Foul Ball, location: 2F
2-2: Foul Ball, location: 2F
2-2: Strikes out swinging
Batting: LHB Alex Willis 0-0: Ball
1-0: Called Strike
1-1: Called Strike
1-2: Foul Ball, location: 2F
1-2: Strikes out swinging
Top of the 2nd over - 1 run(s), 1 hit(s), 0 error(s), 1 left on base; Nebraska 1 - York 0
BOTTOM OF THE 2ND
York Revolution batting - Pitching for Nebraska Plainsmen : RHP César Hernández
Batting: RHB Jerrel Woestenberg 0-0: Foul Ball, location: 2F
0-1: Ball
1-1: Called Strike
1-2: Ball
2-2: Strikes out swinging
Batting: RHB Alwin Vreekamp 0-0: Ball
1-0: Ball
2-0: Called Strike
2-1: Foul Ball, location: 2F
2-2: Foul Ball, location: 2F
2-2: Ground out 6-3 (Groundball, 6)
Batting: RHB Manuel Rivera 0-0: Foul Ball, location: 2F
0-1: SINGLE (Line Drive, 6M)
Batting: RHB Pedro Luna 0-0: Fly out, F8 (Flyball, 8LM)
Bottom of the 2nd over - 0 run(s), 1 hit(s), 0 error(s), 1 left on base; Nebraska 1 - York 0
TOP OF THE 3RD
Nebraska Plainsmen batting - Pitching for York Revolution : RHP Chae-seong Kim
Batting: RHB George St. Clair 0-0: Ball
1-0: Foul Ball, location: 2F
1-1: Foul Ball, location: 2F
1-2: Ball
2-2: Ball
3-2: Strikes out swinging
Batting: RHB Bartolo Benítez 0-0: Ball
1-0: Ball
2-0: Called Strike
2-1: Foul Ball, location: 2F
2-2: Strikes out swinging
Batting: RHB Young-hwan Hyon 0-0: Ball
1-0: Foul Ball, location: 2F
1-1: Swinging Strike
1-2: Foul Ball, location: 2F
1-2: Ground out 5-3 (Groundball, 5S)
Top of the 3rd over - 0 run(s), 0 hit(s), 0 error(s), 0 left on base; Nebraska 1 - York 0
BOTTOM OF THE 3RD
York Revolution batting - Pitching for Nebraska Plainsmen : RHP César Hernández
Batting: RHB Manny Cervantes 0-0: Ball
1-0: Called Strike
1-1: SINGLE (Groundball, 56D)
Batting: RHB Sergio Ortíz 0-0: Ball
1-0: Ball
2-0: Called Strike
2-1: Foul Ball, location: 2F
2-2: Fly out, F8 (Popup, 78S)
Batting: RHB Parker Smith 0-0: Ball
Manny Cervantes steals 2nd base
1-0: Ground out 5-3 (Groundball, 56S)
Manny Cervantes to third
Batting: SHB Bradley Rowe 0-0: Swinging Strike
0-1: Ball
1-1: Ball
2-1: Ball
3-1: Base on Balls
Batting: RHB Roberto Ruíz 0-0: Called Strike
0-1: SINGLE (Line Drive, 7LS)
Manny Cervantes scores
Bradley Rowe to second
Batting: RHB Jerrel Woestenberg 0-0: SINGLE (Popup, 3D)
Bradley Rowe to third
Roberto Ruíz to second
Runner from 3rd tries for Home, SAFE, no throw or cutoff
Batting: RHB Alwin Vreekamp 0-0: Called Strike
0-1: Foul Ball, location: 2F
0-2: Fielders Choice at 2nd, U6 (Groundball, 6M)
Bottom of the 3rd over - 2 run(s), 3 hit(s), 0 error(s), 2 left on base; Nebraska 1 - York 2
TOP OF THE 4TH
Nebraska Plainsmen batting - Pitching for York Revolution : RHP Chae-seong Kim
Batting: RHB António Nava 0-0: Hit by Pitch
Batting: SHB Javier Zumaya 0-0: Called Strike
0-1: Ball
1-1: Swinging Strike
1-2: Ball
2-2: Strikes out swinging
Batting: RHB Mike Thompson 0-0: Ball
1-0: Called Strike
1-1: Ball
2-1: Foul Ball, location: 2F
2-2: Strikes out swinging
Batting: RHB Dani Trejo 0-0: Ball
1-0: Called Strike
1-1: SINGLE (Flyball, 8LS)
António Nava to second
Batting: LHB Pedro Gutiérrez 0-0: Ball
1-0: Foul Ball, location: 2F
1-1: Ball
2-1: Called Strike
2-2: Ball
3-2: Strikes out swinging
Top of the 4th over - 0 run(s), 1 hit(s), 0 error(s), 2 left on base; Nebraska 1 - York 2
BOTTOM OF THE 4TH
York Revolution batting - Pitching for Nebraska Plainsmen : RHP César Hernández
Batting: RHB Manuel Rivera 0-0: Called Strike
0-1: Ball
1-1: Fly out, F7 (Flyball, 7M)
Batting: RHB Pedro Luna 0-0: Ball
1-0: Foul Ball, location: 2F
1-1: Foul Ball, location: 2F
1-2: Foul Ball, location: 2F
1-2: Strikes out swinging
Batting: RHB Manny Cervantes 0-0: Called Strike
0-1: Ground out 6-3 (Groundball, 6)
Bottom of the 4th over - 0 run(s), 0 hit(s), 0 error(s), 0 left on base; Nebraska 1 - York 2
TOP OF THE 5TH
Nebraska Plainsmen batting - Pitching for York Revolution : RHP Chae-seong Kim
Batting: LHB Alex Willis 0-0: Called Strike
0-1: Called Strike
0-2: Strikes out swinging
Batting: RHB George St. Clair 0-0: Ground out 5-3 (Groundball, 5S)
Batting: RHB Bartolo Benítez 0-0: Called Strike
0-1: Ball
1-1: Swinging Strike
1-2: Ball
2-2: Foul Ball, location: 2F
2-2: Strikes out looking
Top of the 5th over - 0 run(s), 0 hit(s), 0 error(s), 0 left on base; Nebraska 1 - York 2
BOTTOM OF THE 5TH
York Revolution batting - Pitching for Nebraska Plainsmen : RHP César Hernández
Batting: RHB Sergio Ortíz 0-0: Ball
1-0: Ground out 5-3 (Groundball, 56)
Batting: RHB Parker Smith 0-0: Ball
1-0: Ball
2-0: Swinging Strike
2-1: Ball
3-1: Foul Ball, location: 2F
3-2: Foul Ball, location: 2F
3-2: Foul Ball, location: 2F
3-2: Foul Ball, location: 2F
3-2: Ground out 5-3 (Groundball, 5)
Batting: SHB Bradley Rowe 0-0: Ball
1-0: Called Strike
1-1: Ball
2-1: Foul Ball, location: 2F
2-2: Strikes out swinging
Bottom of the 5th over - 0 run(s), 0 hit(s), 0 error(s), 0 left on base; Nebraska 1 - York 2
TOP OF THE 6TH
Nebraska Plainsmen batting - Pitching for York Revolution : RHP Chae-seong Kim
Batting: RHB Young-hwan Hyon 0-0: Swinging Strike
0-1: Swinging Strike
0-2: Strikes out swinging
Batting: RHB António Nava 0-0: Foul Ball, location: 2F
0-1: Ball
1-1: Foul Ball, location: 2F
1-2: Ball
2-2: Ground out 6-3 (Groundball, 6M)
Batting: SHB Javier Zumaya 0-0: Ball
1-0: Called Strike
1-1: Foul Ball, location: 2F
1-2: Foul Ball, location: 2F
1-2: Foul Ball, location: 2F
1-2: Ball
2-2: Foul Ball, location: 2F
2-2: Ball
3-2: Strikes out looking
Top of the 6th over - 0 run(s), 0 hit(s), 0 error(s), 0 left on base; Nebraska 1 - York 2
BOTTOM OF THE 6TH
York Revolution batting - Pitching for Nebraska Plainsmen : RHP César Hernández
Batting: RHB Roberto Ruíz 0-0: Ball
1-0: Fly out, F4 (Popup, 34D)
Batting: RHB Jerrel Woestenberg 0-0: Fly out, F9 (Flyball, 9M)
Batting: RHB Alwin Vreekamp 0-0: Ground out 3-1 (Groundball, 3)
Bottom of the 6th over - 0 run(s), 0 hit(s), 0 error(s), 0 left on base; Nebraska 1 - York 2
TOP OF THE 7TH
Nebraska Plainsmen batting - Pitching for York Revolution : RHP Chae-seong Kim
Batting: RHB Mike Thompson 0-0: Called Strike
0-1: Ball
1-1: DOUBLE (Groundball, 5L)
Batting: RHB Dani Trejo 0-0: Fly out, F7 (Line Drive, 78M)
Batting: LHB Pedro Gutiérrez 0-0: Swinging Strike
0-1: Ground out 1-3 (Groundball, 25)
Batting: LHB Alex Willis 0-0: Called Strike
0-1: Fly out, F8 (Flyball, 8LXD)
Top of the 7th over - 0 run(s), 1 hit(s), 0 error(s), 1 left on base; Nebraska 1 - York 2
BOTTOM OF THE 7TH
York Revolution batting - Pitching for Nebraska Plainsmen : RHP César Hernández
Batting: RHB Manuel Rivera 0-0: Called Strike
0-1: Ball
1-1: Foul Ball, location: 2F
1-2: Ground out 6-3 (Groundball, 6)
Batting: RHB Pedro Luna 0-0: Called Strike
0-1: Foul Ball, location: 2F
0-2: Ball
1-2: Strikes out swinging
Batting: RHB Manny Cervantes 0-0: Ball
1-0: Ball
2-0: Ball
3-0: Base on Balls
Batting: RHB Sergio Ortíz 0-0: Ball
1-0: Swinging Strike
1-1: Ball
2-1: Called Strike
2-2: Strikes out swinging
Bottom of the 7th over - 0 run(s), 0 hit(s), 0 error(s), 1 left on base; Nebraska 1 - York 2
TOP OF THE 8TH
Nebraska Plainsmen batting - Pitching for York Revolution : RHP Chae-seong Kim
Now at SS: Roberto Ramírez
Batting: RHB George St. Clair 0-0: Foul Ball, location: 2F
0-1: Foul Ball, location: 2F
0-2: Foul Ball, location: 2F
0-2: Strikes out looking
Batting: RHB Bartolo Benítez 0-0: Called Strike
0-1: Ball
1-1: SINGLE (Line Drive, 9LS)
Batting: RHB Young-hwan Hyon 0-0: Called Strike
0-1: Ball
1-1: Ball
2-1: Fly out, F9 (Flyball, 89M)
Pitching: RHP Juan López
Pinch Hitting: RHB Ricardo Baraja 0-0: Swinging Strike
0-1: Ball
1-1: Ball
2-1: Ball
Single, Error in OF, E8, batter to second base
Bartolo Benítez to third
Pitching: LHP Miguel Toro
Batting: SHB Javier Zumaya 0-0: Foul Ball, location: 2F
0-1: Ball
1-1: Foul Ball, location: 2F
1-2: Fly out, F8 (Flyball, 8RM)
Top of the 8th over - 0 run(s), 2 hit(s), 1 error(s), 2 left on base; Nebraska 1 - York 2
BOTTOM OF THE 8TH
York Revolution batting - Pitching for Nebraska Plainsmen : RHP César Hernández
Now at 3B: Manny Rodríguez
Batting: RHB Parker Smith 0-0: SINGLE (Groundball, 6)
Batting: SHB Bradley Rowe 0-0: Ball
1-0: Called Strike
1-1: Ball
2-1: 2-RUN HOME RUN (Flyball, 8RXD), Distance : 450 ft
Batting: RHB Roberto Ruíz 0-0: Ball
1-0: Ball
2-0: Fly out, F8 (Flyball, 8LS)
Batting: RHB Jerrel Woestenberg 0-0: Foul Ball, location: 2F
0-1: Swinging Strike
0-2: Ball
1-2: Ball
2-2: SINGLE (Line Drive, 6MD)
Batting: RHB Alwin Vreekamp 0-0: Called Strike
0-1: Foul Ball, location: 2F
0-2: Grounds into double play, U4-3 (Groundball, 4)
Bottom of the 8th over - 2 run(s), 3 hit(s), 0 error(s), 0 left on base; Nebraska 1 - York 4
TOP OF THE 9TH
Nebraska Plainsmen batting - Pitching for York Revolution : LHP Miguel Toro
Pitching: RHP Pablo Vargas
Batting: RHB Mike Thompson 0-0: Swinging Strike
0-1: Ball
1-1: Foul Ball, location: 2F
1-2: Ball
2-2: Strikes out swinging
Batting: RHB Dani Trejo 0-0: Foul Ball, location: 2F
0-1: Swinging Strike
0-2: Foul Ball, location: 2F
0-2: Foul Ball, location: 2F
0-2: Strikes out swinging
Batting: LHB Pedro Gutiérrez 0-0: Ball
1-0: Ball
2-0: Ball
3-0: Called Strike
3-1: Ground out 4-3 (Groundball, 4)
Top of the 9th over - 0 run(s), 0 hit(s), 0 error(s), 0 left on base; Nebraska 1 - York 4
This league is powered by Out of the Park Baseball, the baseball management simulation game for PC, Mac and Linux
Friday, April 15th, 2016 - OOTP Baseball 16.9 Build 39